 Dungeon Crawl Stone Soup version 0.19-a0-1051-gdb7e7f8 (webtiles) character file.

611 B1inky the Nimble (level 7, -1/52 HPs)
             Began as a Spriggan Berserker on Aug 2, 2016.
             Was a Priest of Trog.
             Slain by B1inky's ghost (10 damage)
             ... on level 5 of the Dungeon.
             The game lasted 00:07:01 (4104 turns).

B1inky the Nimble (Spriggan Berserker)              Turns: 4104, Time: 00:07:02

Health: -1/52      AC:  2    Str: 18    XL:     7   Next: 20%
Magic:  8/8        EV: 25    Int:  8    God:    Trog [***...]
Gold:   278        SH:  0    Dex: 18    Spells: 0 memorised, 6 levels left

rFire  . . .     SeeInvis +     C - +2 falchion (drain)
rCold  . . .     Gourm    .     b - +0 animal skin
rNeg   . . .     Faith    +     (shield restricted)
rPois  +         Spirit   .     (helmet restricted)
rElec  .         Dismiss  .     (no cloak)
rCorr  .         Reflect  .     (gloves unavailable)
SustAt .         Harm     .     (boots unavailable)
MR     +....                    i - amulet of faith
Stlth  ..........               (no ring)
                                A - ring of poison resistance

@: berserking (expiring), very quick, somewhat resistant to hostile
enchantments, extremely unstealthy
A: unfitting armour, see invisible, herbivore 3, speed 3, slow metabolism 2
a: Berserk, Trog's Hand, Burn Spellbooks, Renounce Religion


You were on level 5 of the Dungeon.
You worshipped Trog.
Trog was most pleased with you.
You were hungry.

You visited 2 branches of the dungeon, and saw 6 of its levels.

You collected 278 gold pieces.

Inventory:

Hand Weapons
 a - a +0 falchion
 k - a +1 dagger of electrocution
 C - a +2 falchion of draining (weapon)
Armour
 b - a +0 animal skin (worn)
Jewellery
 i - an amulet of faith (around neck)
 y - an uncursed amulet of regeneration
 A - a ring of poison resistance (left hand)
Wands
 j - a wand of digging (14/24)
 m - a wand of digging (15/24)
Scrolls
 l - a scroll of noise {unknown}
 n - 2 scrolls of magic mapping {unknown}
 o - a scroll of enchant weapon {unknown}
 r - 2 scrolls of fog {unknown}
 t - a scroll of amnesia {unknown}
 v - a scroll of recharging {unknown}
 w - a scroll of immolation {unknown}
 B - a scroll of teleportation {unknown}
 D - a scroll of remove curse {unknown}
Potions
 e - a potion of haste {unknown}
 f - a potion of cure mutation {unknown}
 p - a potion of flight {unknown}
 q - a potion of resistance {unknown}
 s - a potion of curing {unknown}
Comestibles
 c - 2 bread rations
 d - 10 fruits
 x - a royal jelly


   Skills:
 - Level 2.4 Fighting
 - Level 4.5(5.6) Short Blades
 + Level 3.8(4.4) Long Blades
 + Level 8.8 Dodging


You had 6 spell levels left.
You didn't know any spells.

Dungeon Overview and Level Annotations

Branches:
Dungeon (5/15)             Temple (1/1) D:5

Altars:
Ashenzari
Elyvilon
Vehumet
Zin

Annotations:
D:5 B1inky's ghost, novice GrGl


Innate Abilities, Weirdness & Mutations

You are tiny and cannot use many weapons and most armour.
You have supernaturally acute eyesight. (SInv)
You are a herbivore.
You cover ground extremely quickly.
You need consume almost no food.


Message History

* * * LOW HITPOINT WARNING * * *
You hit B1inky's ghost but do no damage.
B1inky's ghost is severely damaged.
B1inky's ghost closely misses you.
You riposte.
You slash B1inky's ghost!
B1inky's ghost is almost destroyed.
You hit B1inky's ghost but do no damage.
B1inky's ghost is almost destroyed.
You closely miss B1inky's ghost.
B1inky's ghost is almost destroyed.
B1inky's ghost completely misses you.
You riposte.
You hit B1inky's ghost but do no damage.
B1inky's ghost is almost destroyed.
You hit B1inky's ghost but do no damage.
B1inky's ghost is almost destroyed.
B1inky's ghost hits you.
* * * LOW HITPOINT WARNING * * *
You closely miss B1inky's ghost.
B1inky's ghost is almost destroyed.
B1inky's ghost hits you!
You die...

####### ....(.## ####...##
### ###..<..###.##########
.........#...[.......######
>...........####........<.#
......<..#### #@###.####.#
........## #W# #.# #.#
##.#...## #.# #.# #)#
##.##.## #.# #.####.#######
##.##.# #.# #.............
......#
###.###.####.######.
##.#### #.....#.# #.# #.
##.# #.....#.# #.# #. .#.#
#.......# #.# #.


You could see B1inky's ghost.

Vanquished Creatures
  Edmund (D:5)
  An ice beast (D:5)
  A sky beast (D:5)
  A scorpion (D:5)
  A crimson imp (D:5)
  A hound (D:4)
  A worker ant (D:4)
  6 adders
  A howler monkey skeleton (D:5)
  A shadow imp (D:4)
  2 oozes
  An adder skeleton (D:4)
  5 dart slugs
  A giant gecko (D:2)
  6 giant cockroaches
  7 goblins
  10 hobgoblins
  7 jackals
  2 quokkas (D:3)
  3 ball pythons
  A ball python zombie (D:5)
  4 bats
  2 giant newts
  A jackal zombie (D:5)
  6 kobolds
  6 rats
79 creatures vanquished.

Notes
Turn   | Place    | Note
-------+----------+-------------------------------------------
     0 | D:1      | B1inky the Spriggan Berserker began the quest for the Orb.
     0 | D:1      | Reached XP level 1. HP: 11/11 MP: 2/2
   198 | D:1      | Reached XP level 2. HP: 16/16 MP: 3/3
   607 | D:1      | Reached skill level 5 in Dodging
   860 | D:2      | Reached XP level 3. HP: 19/19 MP: 4/4
   933 | D:2      | Reached ** piety under Trog
  1274 | D:2      | Reached skill level 1 in Short Blades
  1328 | D:2      | Found a white marble altar of Elyvilon.
  1720 | D:3      | Reached XP level 4. HP: 21/23 MP: 5/5
  2129 | D:3      | Reached skill level 6 in Dodging
  2413 | D:3      | Reached *** piety under Trog
  2779 | D:4      | Reached XP level 5. HP: 19/27 MP: 6/6
  3301 | D:5      | Entered Level 5 of the Dungeon
  3353 | D:5      | Found a staircase to the Ecumenical Temple.
  3362 | D:5      | Reached skill level 7 in Dodging
  3369 | D:5      | Reached XP level 6. HP: 32/32 MP: 7/7
  3404 | D:5      | Noticed B1inky's ghost (novice GrGl)
  3466 | Temple   | Entered the Ecumenical Temple
  3620 | D:5      | Noticed a sky beast
  3628 | D:5      | Killed a sky beast
  3911 | D:5      | Noticed Edmund
  3923 | D:5      | Killed Edmund
  3923 | D:5      | Reached skill level 8 in Dodging
  3961 | D:5      | Noticed an ice beast
  3966 | D:5      | Killed an ice beast
  3966 | D:5      | Reached XP level 7. HP: 35/35 MP: 8/8
  4013 | D:5      | Found a radiant altar of Vehumet.
  4013 | D:5      | Found a shattered altar of Ashenzari.
  4104 | D:5      | Slain by B1inky's ghost

Vault maps used:
D:1:      dpeg_arrival_pond
D:2:      nicolae_overflow_crystal_walls, first_bread,
          kennysheep_cross_bottleneck
D:3:      minmay_door_path
D:4:      kennysheep_generic_room_6
D:5:      gammafunk_temple_overflow_statue, uniq_edmund
Temple:   nicolae_temple_elliptical

Skill      XL: |  1  2  3  4  5  6 |
---------------+-------------------+-----
Dodging        | 5 6 7 8 |  8.8
Long Blades    | 3 |  3.8
Short Blades   | 1 2 4 |  4.5
Fighting       | |  2.4

Action                   |  1- 3 |  4- 6 |  7- 9 || total
-------------------------+-------+-------+-------++-------
Melee: Falchion          |    75 |    24 |    20 ||   119
       Dagger            |    50 |   119 |       ||   169
Invok: Berserk           |     1 |     1 |     1 ||     3
  Use: Scroll            |       |     4 |       ||     4
 Stab: Sleeping          |     4 |     2 |       ||     6
       Distracted        |       |     1 |       ||     1
  Eat: Fruit             |       |     1 |       ||     1
       Pizza             |       |     1 |       ||     1
Armor: Animal skin       |     4 |     7 |       ||    11
Dodge: Dodged            |    89 |    95 |     7 ||   191
